 Dungeon Crawl Stone Soup version 0.28.0-1-gb440e238dd (webtiles) character file.

Game seed: 11110556949223952098

5 Snicker the Sneak (level 1, -1/18 HPs)
             Began as a Demonspawn Delver on Feb 20, 2022.
             Slain by a bullfrog (3 damage)
             ... on level 7 of the Dungeon.
             The game lasted 00:01:35 (225 turns).

Snicker the Sneak (Demonspawn Delver)                Turns: 225, Time: 00:01:35

Health: -1/18      AC:  3    Str: 12    XL:     1   Next: 66%
Magic:  1/1        EV: 11    Int: 11    God:
Gold:   44         SH:  0    Dex: 14    Spells: 0/0 levels left

rFire   . . .      SeeInvis .   a - +0 short sword
rCold   . . .      Faith    .   (no shield)
rNeg    . . .      Spirit   .   b - +0 leather armour
rPois   .          Reflect  .   (no helmet)
rElec   .          Harm     .   (no cloak)
rCorr   .          Rampage  .   (no gloves)
Will    .....                   (no boots)
Stlth   +++.......              (no amulet)
HPRegen 0.06/turn               (no ring)
MPRegen 0.07/turn               (no ring)

@: no status effects
A: no striking features
a: no special abilities


You were on level 7 of the Dungeon.
You visited 1 branch of the dungeon, and saw 4 of its levels.

You collected 44 gold pieces.

Inventory:

Hand Weapons
 a - a +0 short sword (weapon)
Armour
 b - a +0 leather armour (worn)
Wands
 g - a wand of digging (3)
Scrolls
 c - a scroll of fog
 d - a scroll of magic mapping
 k - a scroll of noise {unknown}
Potions
 f - 2 potions of haste
 i - a potion of brilliance {unknown}


   Skills:
 + Level 3.0 Fighting
 * Level 1.7 Short Blades
 + Level 1.9 Dodging
 * Level 4.7 Stealth


You couldn't memorise any spells.
You didn't know any spells.
Your spell library was empty.

Dungeon Overview and Level Annotations

Branches:
Dungeon (8/15)
 Temple: D:4-7         Lair: D:8-11

Altars:
Elyvilon

Portals:
Bailey: D:7


Message History

There is a stone staircase leading down here.
Found a rapier.
You hear the creaking of a portcullis.
An orc comes into view. It is wielding a +0 war axe.
The orc shouts!
The orc throws a boomerang.
The boomerang hits you. 2 orcs come into view.
The orc shouts!
A kobold comes into view. It is wielding a +0 club.
The orc throws a boomerang.
The boomerang misses you.
The orc throws a boomerang.
The boomerang misses you.
Found 16 gold pieces.
The orc throws a boomerang.
The boomerang barely misses you.
The orc throws a boomerang.
The boomerang hits you but does no damage.
The orc throws a boomerang.
The boomerang hits you.
The orc throws a boomerang.
The boomerang hits you.
As you read the scroll labelled OREUDWU SEMESH, it crumbles to dust.
Your body is wracked with pain!
* * * LOW HITPOINT WARNING * * *
The orc convulses! x3; It was a scroll of torment.
The orc throws a boomerang.
The boomerang barely misses you.
Unknown command.
As you read the scroll labelled ILINUX FUDOAXT, it crumbles to dust.
You feel strangely unstable.
It was a scroll of teleportation.
The orc throws a boomerang.
The boomerang barely misses you.
Unknown command.
The orc throws a boomerang.
The boomerang hits you.
* * * LOW HITPOINT WARNING * * *
Your surroundings suddenly seem different. 4 orcs and a bullfrog come into view.
Found a war axe.
Found two stone staircases leading up.
The orc shouts! x4
As you read the scroll of fear, it crumbles to dust.
You assume a fearsome visage.
The orc looks frightened! x4
The bullfrog looks frightened!
You see here a +0 war axe.
The bullfrog gives a loud, deep croak!
The orc seems to regain its courage.
The bullfrog hits you.
You die...

########### oo........#
##### ###..o.......#
....##.............#
>......# ....o<....#
.....####..........#
.....#..........@F.#
.......#........)..#
.[...###...........#
...................#
.....^..#..........####
......................#
.......##.###.........#
<......# .# ##........#
..[....##.# ##########


You could see a bullfrog and 4 orcs.

Vanquished Creatures
  4 goblins (D:7)
4 creatures vanquished.

Notes
Turn   | Place    | Note
-------+----------+-------------------------------------------
     0 | D:5      | Snicker the Demonspawn Delver began the quest for the Orb.
     0 | D:5      | Reached XP level 1. HP: 18/18 MP: 1/1
    78 | D:8      | Noticed a killer bee
    78 | D:8      | Noticed a killer bee
    78 | D:8      | Noticed a killer bee
   108 | D:7      | Found a flagged portal.
   144 | D:7      | Noticed an orc warrior
   165 | D:8      | Noticed a yak
   165 | D:8      | Noticed a yak
   167 | D:8      | Noticed a yak
   167 | D:8      | Noticed a yak
   214 | D:7      | Noticed a bullfrog
   225 | D:7      | Slain by a bullfrog

Illustrated notes

Levels and vault maps discovered:
D:5:      layout_basic
D:6:      layout_loops_ring, grunt_temple_overflow_opulence,
          general_overflow_altar, mainiacjoe_overflow_alcove_2,
          minmay_temple_entry_junction, serial_shops, nicolae_shop_trees
D:7:      layout_rooms, lemuel_crystal_altar, serial_shops,
          nicolae_inconvenience_store, enter_bailey_3,
          kennysheep_generic_room_14
D:8:      layout_basic, grunt_decor_arrowhead

Action                   || total
-------------------------++-------
Melee: Short sword       ||    10
  Use: Scroll            ||     3
Armor: Leather armour    ||     2
Dodge: Dodged            ||    10
